 Dungeon Crawl Stone Soup version 0.18-a0-1400-g0ef5d54 (webtiles) character file.

238 Banto the Covered (level 5, -5/46 HPs)
             Began as a Demigod Wanderer on Feb 24, 2016.
             Slain by Blork the orc
             ... wielding a +0 glaive
              (6 damage)
             ... on level 4 of the Dungeon.
             The game lasted 00:07:12 (4654 turns).

Banto the Covered (Demigod Wanderer)                Turns: 4654, Time: 00:07:12

Health: -5/46      AC:  8    Str: 15    XL:     5   Next: 49%
Magic:  7/7        EV: 10    Int: 23    God:
Gold:   205        SH:  0    Dex: 15    Spells: 0 memorised, 4 levels left

rFire  . . .     SeeInvis .     a - +1 mace
rCold  + . .     Gourm    .     c - +0 ring mail
rNeg   . . .     Faith    .     (no shield)
rPois  .         Spirit   .     (no helmet)
rElec  .         Dismiss  .     q - +1 cloak
rCorr  .         Reflect  .     (no gloves)
SustAt +         Harm     .     (no boots)
MR     .....                    (no amulet)
Stlth  +.........               (no ring)
                                e - ring of protection from cold

@: brilliant, not resistant to hostile enchantments, very unstealthy
A: high mp 1, sustain attributes
a: no special abilities


You were on level 4 of the Dungeon.
You were hungry.

You visited 1 branch of the dungeon, and saw 4 of its levels.

You collected 205 gold pieces.

Inventory:

Hand Weapons
 a - a +1 mace (weapon)
 b - a +0 hand crossbow
 l - a +0 flail of holy wrath
Missiles
 d - 42 bolts
Armour
 c - a +0 ring mail (worn)
 q - a +1 cloak (worn)
Jewellery
 e - a ring of protection from cold (left hand)
Scrolls
 s - 2 scrolls of enchant weapon
 t - a scroll of remove curse
Potions
 g - a potion of magic
 j - a potion of haste
 m - 2 potions of cure mutation
 r - a potion of curing
 u - a potion of might {unknown}
Comestibles
 f - 3 bread rations
 i - a royal jelly
 k - a fruit
 n - 2 beef jerkies
 o - 2 meat rations


   Skills:
 - Level 3.6 Fighting
 + Level 3.0(3.1) Maces & Flails
   Level 1.3(2.3) Staves
 - Level 1.0 Crossbows
 - Level 1.0 Throwing
 + Level 4.0 Armour
 - Level 1.7 Stealth


You had 4 spell levels left.
You didn't know any spells.

Dungeon Overview and Level Annotations

Branches:
Dungeon (4/15)
 Temple: D:4-7

Annotations:
D:3 DrakieV's ghost, amateur DDFi
D:4 Blork the orc


Innate Abilities, Weirdness & Mutations

You have an increased reservoir of magic (+10% MP).
Your attributes are resistant to harm.


Message History

You are too injured to fight recklessly!
Blork the orc barely misses you. Blork the orc hits you with a glaive!
* * * LOW HITPOINT WARNING * * *
You hit Blork the orc.
Blork the orc is moderately wounded.
Blork the orc hits you but does no damage.
You barely miss Blork the orc.
Blork the orc is moderately wounded.
Blork the orc closely misses you.
You hit Blork the orc.
Blork the orc is moderately wounded.
Blork the orc casts a spell at you. The puff of flame hits you!
* * * LOW HITPOINT WARNING * * *
Blork the orc closely misses you.
Drink which item? (? for menu, Esc to quit)
It was a potion of brilliance.
You feel clever all of a sudden. Blork the orc hits you with a glaive.
You die...

### #.# ####
#.######## #..
#.......<# #.#
#.###########.###
#.รท.......@oo...#
#############.#.#
#....# #.......#
#.##.##.# #. #.. #
#.. #.$ #.#.


You could see Blork the orc and an orc.

Vanquished Creatures
  6 adders
  7 gnolls
  An ooze (D:2)
  2 dart slugs
  3 giant geckos
  4 orcs (D:3)
  4 giant cockroaches
  12 goblins
  17 hobgoblins
  2 jackals (D:1)
  15 kobolds
  2 quokkas
  A ball python (D:3)
  10 bats
  5 giant newts
  10 rats
101 creatures vanquished.

Notes
Turn   | Place    | Note
--------------------------------------------------------------
     0 | D:1      | Banto the Demigod Wanderer began the quest for the Orb.
     0 | D:1      | Banto set off with: a +2 quarterstaff, a +0 ring mail, a +0 hand crossbow, 29 bolts, a +0 dagger, a bread ration
     0 | D:1      | Reached XP level 1. HP: 19/19 MP: 3/3
     4 | D:1      | Noticed an electric eel
     7 | D:1      | Noticed an electric eel
   142 | D:1      | Reached XP level 2. HP: 22/27 MP: 4/4
   422 | D:1      | Reached skill level 2 in Armour
   747 | D:2      | Reached skill level 1 in Maces & Flails
   747 | D:2      | Reached XP level 3. HP: 33/33 MP: 5/5
  1795 | D:2      | Reached skill level 3 in Armour
  1795 | D:2      | Reached XP level 4. HP: 40/40 MP: 6/6
  1813 | D:2      | Found an ancient bone altar of Kikubaaqudgha.
  2584 | D:2      | Reached XP level 5. HP: 24/46 MP: 7/7
  3440 | D:3      | Noticed DrakieV's ghost (amateur DDFi)
  4055 | D:3      | Found a sparkling altar of Nemelex Xobeh.
  4616 | D:4      | Reached skill level 4 in Armour
  4635 | D:4      | Noticed Blork the orc
  4653 | D:4      | HP: 1/46 [Blork the orc/puff of flame (4)]
  4654 | D:4      | Slain by Blork the orc

Vault maps used:
D:1:      arrival_aquarium_b
D:2:      lemuel_crystal_altar, hangedman_decor_points, minmay_joined_circles
D:3:      nicolae_overflow_crystal_walls, kennysheep_generic_room_3
D:4:      first_bread, minivault_26, uniq_eustachio, uniq_sigmund,
          uniq_blork_the_orc

Skill      XL: |  1  2  3  4  5 |
---------------+----------------+-----
Armour         | 2 3 4 |  4.0
Maces & Flails | 1 2 3 |  3.0
Fighting       | |  3.6
Staves         | |  1.3
Crossbows      | |  1.0
Throwing       | |  1.0
Stealth        | |  1.7

Action                   |  1- 3 |  4- 6 || total
-------------------------+-------+-------++-------
Melee: Quarterstaff      |    12 |       ||    12
       Mace              |   143 |   227 ||   370
       Flail             |       |    17 ||    17
 Fire: Hand crossbow     |       |     2 ||     2
  Use: Scroll            |     4 |     6 ||    10
       Potion            |     4 |     1 ||     5
 Stab: Sleeping          |     3 |     2 ||     5
  Eat: Chunk             |     2 |    10 ||    12
